 Dungeon Crawl Stone Soup version 0.30.0 (webtiles) character file.

Game seed: 15693363696255571181

107243 BogsyCalzone the Bewitcher (level 15, 0/78 HPs)
             Began as a Deep Elf Conjurer on Sept 3, 2023.
             Was a Priest of Sif Muna.
             Constricted to death by Jorgrun (8 damage)
             ... on level 14 of the Dungeon on Sept 5, 2023.
             The game lasted 07:28:50 (35757 turns).

BogsyCalzone the Bewitcher (Deep Elf Conjurer)     Turns: 35757, Time: 07:28:51

Health: 0/78       AC: 20    Str:  6    XL:     15   Next: 99%
Magic:  15/45      EV:  6    Int: 31    God:    Sif Muna [***...]
Gold:   984        SH:  5    Dex: 11    Spells: 19/45 levels left

rFire   . . .        q - staff of conjuration
rCold   . . .        (no shield)
rNeg    . . .        E - +7 ring mail "Tishrung" {rCorr}
rPois   .            B - +0 hat
rElec   .            w - scarf {repulsion}
rCorr   +            X - +2 pair of gloves
SInv    +            v - +0 pair of boots
Will    +....        C - amulet of the Aged Bursting Lies {Reflect rCorr Str+2 Dex-2 SH+5 SInv}
Stlth   +++++        x - +4 ring of protection
HPRegen 0.33/turn    k - ring of magical power
MPRegen 0.29/turn

%: repel missiles, reflection
@: grasped by roots, channelling, constricted
A: no striking features
a: Renounce Religion, Channel Magic, Forget Spell


You were on level 14 of the Dungeon.
You worshipped Sif Muna.
Sif Muna was most pleased with you.
You visited 8 branches of the dungeon, and saw 26 of its levels.
You also visited: Bailey and Gauntlet.

You collected 2146 gold pieces.
You spent 1162 gold pieces at shops.

Inventory:

Hand Weapons
 K - the +6 trident of Resumed Hostilities {protect, rF- rN++}
   (You found it on level 5 of the Lair of Beasts)

   rF:        It makes you vulnerable to fire.
   rN:        It greatly protects you from negative energy.
 L - the +6 trident "Miot" {drain, rF+}
   (You found it on level 8 of the Dungeon)

   rF:        It protects you from fire.
 P - the +1 lajatang of the Morning {vamp, rF- rC+ rN+}
   (You found it on level 10 of the Dungeon)

   rF:        It makes you vulnerable to fire.
   rC:        It protects you from cold.
   rN:        It protects you from negative energy.
 Z - the +1 hand axe of Conscience {drain, rElec Str+5}
   (You found it on level 9 of the Dungeon)

   Str:       It affects your strength (+5).
   rElec:     It insulates you from electricity.
Armour
 v - a +0 pair of boots (worn)
 w - a scarf of repulsion (worn)
 z - a +2 robe of willpower
 B - a +0 hat (worn)
 E - the +7 ring mail "Tishrung" (worn) {rCorr}
   (You found it on level 6 of the Dungeon)

   rCorr:     It protects you from acid and corrosion.
 G - a +2 robe of fire resistance
 X - a +2 pair of gloves (worn)
Magical Staves
 b - a staff of fire
 q - a staff of conjuration (weapon)
 s - a staff of cold
Jewellery
 e - a ring of protection from cold
 g - a ring of fire
 i - the amulet "Woapun" {rF+ rN+ Regen+ Str+3}
   (You found it in a Gauntlet)

   [amulet of regeneration]

   Str:       It affects your strength (+3).
   rF:        It protects you from fire.
   rN:        It protects you from negative energy.
   Regen:     It increases your rate of health regeneration.
 k - a ring of magical power (right hand)
 n - the amulet of Fydaeh {RegenMP Str+3}
   (You found it in a Gauntlet)

   [amulet of magic regeneration]

   It increases your rate of magic regeneration.
   Str:       It affects your strength (+3).
 t - the amulet of the Sun {Reflect rF+ rCorr SH+5}
   (You took it off a minotaur in a Gauntlet)

   [amulet of reflection]

   It reflects blocked missile attacks.
   rF:        It protects you from fire.
   rCorr:     It protects you from acid and corrosion.
   SH:        It affects your SH (+5).
 x - a +4 ring of protection (left hand)
 C - the amulet of the Aged Bursting Lies (around neck) {Reflect rCorr Str+2 Dex-2 SH+5 SInv}
   (You found it on level 5 of the Dungeon)

   [amulet of reflection]

   It reflects blocked missile attacks.
   Str:       It affects your strength (+2).
   Dex:       It affects your dexterity (-2).
   SInv:      It lets you see invisible.
   rCorr:     It protects you from acid and corrosion.
   SH:        It affects your SH (+5).
 H - a ring of fire
Wands
 f - a wand of light (8)
 y - a wand of charming (24)
 J - a wand of flame (37)
 N - a wand of mindburst (14)
 Q - a wand of digging (8)
 R - a wand of polymorph (9)
Scrolls
 c - a scroll of amnesia
 h - a scroll of immolation
 l - 2 scrolls of fear
 m - 2 scrolls of fog
 r - 6 scrolls of poison
 A - a scroll of blinking
 D - 7 scrolls of vulnerability
 M - 2 scrolls of magic mapping
 V - a scroll of teleportation
 Y - 2 scrolls of butterflies
Potions
 d - a potion of invisibility
 j - 5 potions of heal wounds
 o - 6 potions of brilliance
 p - 2 potions of curing
 u - a potion of haste
 F - 9 potions of might
 I - 3 potions of resistance
 S - 2 potions of cancellation
 T - 3 potions of lignification
 U - 2 potions of flight
Miscellaneous
 a - a lightning rod (4/4)
 O - a tin of tremorstones (2/2)


   Skills:
 - Level 3.3 Fighting
 - Level 2.4 Dodging
 - Level 15.0 Stealth
 - Level 15.9 Spellcasting
 - Level 11.1 Conjurations
 - Level 16.0 Hexes
 - Level 10.3 Fire Magic
 + Level 8.2 Ice Magic
 - Level 15.6 Invocations


You had 19 spell levels left.
You knew the following spells:

 Your Spells              Type           Power      Damage    Failure   Level
a - Magic Dart            Conj           100%       1d8       1%          1
b - Searing Ray           Conj           100%       2d8       1%          2
c - Dazzling Flash        Conj/Hex       100%       N/A       1%          3
d - Fulminant Prism       Conj/Hex       52%        3d22      1%          4
e - Flame Wave            Conj/Fire      95%        2d20      1%          4
f - Hailstorm             Conj/Ice       91%        3d18      1%          3
g - Fire Storm            Conj/Fire      47%        8d12      100%        9

Your spell library contained the following spells:

 Spells                   Type           Power      Damage    Failure   Level
 Foxfire                  Conj/Fire      100%       2x1d9     1%          1
 Ensorcelled Hibernation  Hex/Ice        100%       N/A       1%          2
 Scorch                   Fire           100%       2d9       1%          2
 Static Discharge         Conj/Air       100%       2-7/arc   1%          2
 Sticky Flame             Conj/Fire      95%        2d10      1%          4
 Volatile Blastmotes      Fire/Tloc      100%       2d18      2%          3
 Fireball                 Conj/Fire      47%        3d19      2%          5
 Necrotise                Necr           96%        1d8       8%          1
 Iskenderun's Mystic Bla  Conj/Tloc      73%        2d15      8%          4
 Yara's Violent Unravell  Hex/Tmut       32%        3d13      8%          5
 Cigotuvi's Dreadful Rot  Necr/Pois/Air  48%        N/A       11%         2
 Passwall                 Tmut/Erth      20%        N/A       11%         2
 Starburst                Conj/Fire      47%        6d13      13%         6
 Arcjolt                  Conj/Air       36%        1d46      21%         5
 Gell's Gravitas          Tloc           24%        N/A       22%         3
 Swiftness                Air            24%        N/A       22%         3
 Teleport Other           Tloc           24%        N/A       22%         3
 Vampiric Draining        Necr           24%        2d7       22%         3
 Vhi's Electric Charge    Tloc/Air       48%        N/A       22%         3
 Summon Lightning Spire   Summ/Air       24%        N/A       58%         4
 Plasma Beam              Fire/Air       27%        2x1d43    78%         6
 Agony                    Necr           24%        N/A       90%         5
 Dispersal                Tloc           12%        N/A       100%        6
 Summon Cactus Giant      Summ           12%        N/A       100%        6
 Storm Form               Tmut/Air       12%        N/A       100%        7
 Borgnjor's Revivificati  Necr           12%        N/A       100%        8
 Lehudib's Crystal Spear  Conj/Erth      36%        10d9      100%        8
 Maxwell's Capacitive Co  Air            12%        ∞         100%        8
 Chain Lightning          Conj/Air       36%        3d48      100%        9
 Shatter                  Erth           12%        3d13*     100%        9


Dungeon Overview and Level Annotations

Branches:
Dungeon (14/15)            Temple (1/1) D:4            Lair (5/5) D:11
  Swamp (1/4) Lair:2       Spider (1/4) Lair:3        Slime (1/5) Lair:4
    Orc (2/2) D:9             Elf (1/3) Orc:2        Vaults (0/5) D:13
 Bailey (visited)         Gauntlet (visited)

Altars:
Hepliaklqana
Kikubaaqudgha
Makhleb
Nemelex Xobeh
Okawaru
Qazlal
Ru
Sif Muna
Trog
Uskayaw
Vehumet
Xom
Yredelemnul
The Shining One

Shops:
D:1 :   D:10 *   Orc:1 *   Orc:2 :(!(

Portals:
Trove: D:13 (give +6 demon whip)

Annotations:
D:10 exclusions: 2 downstairs and 2 more exclusions
D:11 exclusion: downstairs
D:12 exclusions: downstairs and 1 more exclusion
D:14 exclusion: cyclops, Jorgrun
Lair:1 exclusion: downstairs
Lair:2 exclusions: 2 downstairs and 1 more exclusion
Lair:3 exclusions: downstairs and 1 more exclusion
Lair:4 exclusions: 2 downstairs and 1 more exclusion
Elf:1 exclusions: dancing weapon, deep elf annihilator, 2 deep elf archers, 2 deep elf pyromancers and 3 deep elf zephyrmancers


Message History

Confirm with . or Enter, or press ? or * to list all spells.
Casting: Hailstorm (safe; 1% risk of failure)
Press: ? - help, Dir - look around, f - activate You feel a surge of power!
A cannonade of hail descends around you!
The hail pelts Jorgrun!
Jorgrun is almost dead.
Jorgrun gestures at you while chanting. You resist with some effort.
The grasping roots constrict you.
Casting: Hailstorm (safe; 1% risk of failure)
Confirm with . or Enter, or press ? or * to list all spells.
Casting: Hailstorm (safe; 1% risk of failure)
Press: ? - help, Dir - look around, f - activate You feel a surge of power!
A cannonade of hail descends around you!
The hail misses Jorgrun.
Jorgrun gestures at you while chanting. You resist with some effort.
The grasping roots constrict you.
Casting: Hailstorm (safe; 1% risk of failure)
Confirm with . or Enter, or press ? or * to list all spells.
Casting: Hailstorm (safe; 1% risk of failure)
Press: ? - help, Dir - look around, f - activate You feel a surge of power!
A cannonade of hail descends around you!
The hail pelts Jorgrun!
Jorgrun is almost dead.
Jorgrun says, "Yer just na down-ta-earth enough."
Jorgrun points at you and mumbles some strange words.
The iron shot hits you!!!
* * * LOW HITPOINT WARNING * * *
The grasping roots constrict you.
* * * LOW HITPOINT WARNING * * *
Casting: Hailstorm (safe; 1% risk of failure)
Confirm with . or Enter, or press ? or * to list all spells.
Casting: Hailstorm (safe; 1% risk of failure)
Press: ? - help, Dir - look around, f - activate You feel a surge of power!
A cannonade of hail descends around you!
The hail misses Jorgrun.
The grasping roots constrict you!
You die...

#......C) .............###...
#...........#######...........
#...........# #......).... #.#
#...# #........... #.# #...#
#....####... #.# #...# #....#
#... #.# #...# #.....# #...
#.#######...#####.#...## #...
#...<........@g.......# #...
###############.####### ####
#.## #.# #.# ##


You could see Jorgrun.

Vanquished Creatures
  Gastronok (Lair:2)
  A minotaur (Gauntlet)
  A deep elf annihilator (Elf:1)
  7 hydras
  A vault guard (D:13)
  Erolcha (Orc:1)
  5 boulder beetles
  A merfolk avatar (Lair:5)
  Erica (Lair:1)
  A centaur warrior (D:14)
  A dancing weapon (Elf:1)
  A catoblepas (Lair:4)
  3 death yaks (Gauntlet)
  2 two-headed ogres
  The ghost of JaredAshtonScott the Basher, a novice HuWn of Zin (D:8)
  3 orc high priests (Orc:2)
  2 deep elf knights (Elf:1)
  2 skysharks (Lair:4)
  A sea snake (Lair:5)
  A deep elf archer (Elf:1)
  8 orc knights
  A necromancer (Gauntlet)
  3 ugly things
  2 deep elf pyromancers
  4 deep elf zephyrmancers (Elf:1)
  A lindwurm (Lair:5)
  4 orc sorcerers
  6 cyclopes
  A cyclops (shapeshifter) (D:13)
  5 manticores
  4 black mambas
  13 elephants
  An apocalypse crab (Gauntlet)
  A torpor snail (Lair:3)
  A gargoyle (D:11)
  15 cane toads
  Psyche (D:8)
  5 rime drakes
  A rime drake (shapeshifter) (D:13)
  5 komodo dragons
  A kobold demonologist (D:11)
  3 polar bears
  5 trolls
  A wind drake (Lair:5)
  2 hornets
  A tyrant leech (Lair:2)
  Prince Ribbit (D:7)
  12 blink frogs
  2 vampires
  9 slime creatures
  6 wyverns
  29 yaks
  3 basilisks
  A fire elemental (D:12)
  A shadow (D:9)
  Grum (D:11)
  A steam dragon (D:6)
  14 vampire mosquitoes
  Edmund (D:6)
  2 swamp worms (Lair:2)
  4 acid dragons
  12 water moccasins
  2 ice beasts (D:6)
  28 orc warriors
  A sky beast (D:8)
  2 black bears (Lair:2)
  5 ogres
  18 wolves
  3 centaurs
  7 kobold brigands
  11 bullfrogs
  5 scorpions
  4 gnoll sergeants
  20 wights
  4 killer bees (D:7)
  2 vampire bats (D:7)
  4 howler monkeys
  3 electric eels
  13 orc priests
  5 jellies
  3 hounds
  2 sleepcaps
  23 orc wizards
  3 iguanas
  6 hell rats (Lair:3)
  7 gnolls
  5 adders
  5 river rats (Lair:3)
  2 shadow imps
  A white imp (D:8)
  3 ufetubi
  5 worms
  5 dart slugs
  89 orcs
  3 bat skeletons (D:7)
  2 bat zombies (D:7)
  11 endoplasms
  4 giant cockroaches
  12 goblins
  9 hobgoblins
  7 quokkas
  2 ball pythons
  5 bats
  3 frilled lizards
  20 kobolds
  10 rats
  A fulminant prism (Gauntlet)
616 creatures vanquished.

Vanquished Creatures (others)
  A bush (Lair:4)
  431 fulminant prisms
  62 fungi
  138 plants
  4 withered plants (Gauntlet)
636 creatures vanquished.

Grand Total: 1252 creatures vanquished

Notes
Turn   | Place    | Note
-------+----------+-------------------------------------------
     0 | D:1      | BogsyCalzone the Deep Elf Conjurer began the quest for the
                  | Orb.
     0 | D:1      | Reached XP level 1. HP: 10/10 MP: 6/6
   194 | D:1      | Found Vaihuf's Vocational Training.
   201 | D:1      | Found a faded altar of an unknown god.
   250 | D:1      | Reached XP level 2. HP: 15/15 MP: 6/8
  1028 | D:2      | Found a radiant altar of Vehumet.
  1160 | D:2      | Reached skill level 5 in Conjurations
  1160 | D:2      | Reached XP level 3. HP: 19/19 MP: 7/9
  1163 | D:2      | Learned a level 2 spell: Searing Ray
  1167 | D:2      | Learned a level 3 spell: Dazzling Flash
  3169 | D:4      | Found a stormy altar of Qazlal.
  3169 | D:4      | Found a burning altar of Makhleb.
  3240 | D:4      | Reached XP level 4. HP: 24/24 MP: 5/10
  3689 | D:4      | Reached skill level 5 in Stealth
  3794 | D:4      | Reached XP level 5. HP: 28/28 MP: 2/11
  3951 | D:4      | Found a shimmering altar of Xom.
  4065 | D:4      | Found a staircase to the Ecumenical Temple.
  4070 | D:4      | Reached skill level 1 in Hexes
  4078 | Temple   | Entered the Ecumenical Temple
  4126 | Temple   | Became a worshipper of Sif Muna the Loreminder
  4217 | D:4      | Reached skill level 2 in Hexes
  4360 | D:5      | Entered Level 5 of the Dungeon
  4371 | D:5      | Reached XP level 6. HP: 32/32 MP: 5/12
  4476 | D:5      | Reached skill level 3 in Hexes
  4590 | D:6      | Noticed an ice beast
  4617 | D:5      | Reached skill level 4 in Hexes
  4631 | D:5      | Learned a level 4 spell: Fulminant Prism
  4769 | D:5      | Reached XP level 7. HP: 36/36 MP: 6/13
  4899 | D:5      | Reached skill level 5 in Hexes
  5227 | D:5      | Identified the amulet of the Aged Bursting Lies {Reflect
                  | rCorr Str+2 Dex-2 SH+5 SInv}
  5244 | D:5      | Reached * piety under Sif Muna
  5471 | D:6      | Noticed a steam dragon
  5664 | D:6      | Found an iron altar of Okawaru.
  5728 | D:6      | Reached skill level 6 in Hexes
  5902 | D:6      | Reached skill level 7 in Hexes
  5902 | D:6      | Reached XP level 8. HP: 41/41 MP: 5/14
  5999 | D:6      | Noticed Edmund
  6262 | D:6      | Identified the +7 ring mail "Tishrung" {rCorr}
  6325 | D:6      | Killed Edmund
  6326 | D:6      | Reached skill level 8 in Hexes
  6507 | D:6      | Reached skill level 10 in Stealth
  6859 | D:7      | Reached skill level 9 in Hexes
  7056 | D:7      | Noticed Prince Ribbit
  7139 | D:7      | Reached ** piety under Sif Muna
  7297 | D:7      | Reached XP level 9. HP: 45/45 MP: 9/15
  7952 | D:7      | Found an ancient bone altar of Kikubaaqudgha.
  8128 | D:7      | Killed Prince Ribbit
  8129 | D:7      | Reached skill level 5 in Spellcasting
  8943 | D:8      | Noticed Psyche
  9156 | D:8      | Identified the +6 trident "Miot" {drain, rF+}
  9425 | D:8      | Found a large runed translucent door.
  9425 | D:8      | Found a large runed translucent door.
  9426 | D:8      | Noticed JaredAshtonScott's ghost (novice HuWn)
  9712 | D:8      | Killed Psyche
  9713 | D:8      | Reached XP level 10. HP: 50/50 MP: 11/24
 10159 | D:9      | Identified the +1 hand axe of Conscience {drain, rElec
                  | Str+5}
 10210 | D:9      | Learned a level 4 spell: Flame Wave
 10281 | D:9      | Found a staircase to the Orcish Mines.
 10316 | D:9      | Noticed a centaur warrior
 10325 | D:9      | You fall into a shaft and drop 2 floors!
 10418 | D:10     | Entered Level 10 of the Dungeon
 10483 | D:10     | Reached skill level 1 in Fire Magic
 10489 | D:10     | Reached *** piety under Sif Muna
 10512 | D:10     | Found a flagged portal.
 10617 | Bailey   | Entered a bailey
 10952 | Bailey   | Noticed an orc knight
 10959 | Bailey   | Noticed an orc knight
 10967 | Bailey   | Killed an orc knight
 10967 | Bailey   | Killed an orc knight
 11283 | Bailey   | Noticed an orc knight
 11303 | Bailey   | Killed an orc knight
 11304 | Bailey   | Reached skill level 5 in Fire Magic
 11318 | Bailey   | Reached skill level 15 in Stealth
 11567 | D:10     | Identified the +1 lajatang of the Morning {vamp, rF- rC+
                  | rN+}
 12239 | D:9      | Reached XP level 11. HP: 48/54 MP: 12/25
 12269 | D:9      | Reached **** piety under Sif Muna
 13158 | D:10     | Found a sparkling altar of Nemelex Xobeh.
 13302 | D:10     | Found Koest's Changing Room.
 13562 | D:11     | Noticed a two-headed ogre
 13562 | D:11     | Noticed a purple ugly thing
 13835 | D:11     | Noticed Grum
 13845 | D:11     | Killed Grum
 14088 | D:11     | Killed a two-headed ogre
 14096 | D:11     | Noticed a boulder beetle
 14112 | D:11     | Noticed a boulder beetle
 14448 | D:11     | Reached skill level 10 in Spellcasting
 14883 | Orc:1    | Entered Level 1 of the Orcish Mines
 14883 | Orc:1    | Found a bloodstained altar of Trog.
 15217 | Orc:1    | Found Huir's Gadget Gallery.
 15217 | Orc:1    | Noticed an orc sorcerer
 15228 | Orc:1    | Killed an orc sorcerer
 15561 | Orc:2    | Entered Level 2 of the Orcish Mines
 15693 | Orc:2    | Found a staircase to the Elven Halls.
 15750 | Orc:2    | Reached ***** piety under Sif Muna
 15750 | Orc:2    | Received a gift from Sif Muna
 15751 | Orc:2    | Reached skill level 10 in Hexes
 15751 | Orc:2    | Got Sif Muna's Folio of Battling and Oxidation {god gift}
 16103 | Orc:2    | Noticed an orc knight
 16119 | Orc:2    | Killed an orc knight
 16444 | Orc:2    | Noticed an orc knight
 16466 | Orc:2    | Killed an orc knight
 16467 | Orc:2    | Reached skill level 11 in Hexes
 16620 | Orc:2    | Noticed an orc sorcerer
 16628 | Orc:2    | Noticed a sixfirhy
 16629 | Orc:2    | Killed an orc sorcerer
 16690 | Orc:2    | Noticed an orc high priest
 16695 | Orc:2    | Noticed an orc knight
 16700 | Orc:2    | Noticed an orc sorcerer
 16702 | Orc:2    | Killed an orc knight
 16702 | Orc:2    | Killed an orc high priest
 16705 | Orc:2    | Killed an orc sorcerer
 16706 | Orc:2    | Reached XP level 12. HP: 59/59 MP: 4/29
 16767 | Orc:2    | Noticed an orc high priest
 16923 | Orc:2    | Reached skill level 12 in Hexes
 17018 | Orc:2    | Killed an orc high priest
 17087 | Orc:2    | Noticed an orc high priest
 17096 | Orc:2    | Killed an orc high priest
 17132 | Orc:2    | Found Cumeus's Book Shop.
 17132 | Orc:2    | Found Jozimon's Antique Weapon Shoppe.
 17134 | Orc:2    | Found Doroigg's Distillery.
 17134 | Orc:2    | Found Wizef's Weapon Shoppe.
 17143 | Orc:2    | Bought a potion of lignification for 42 gold pieces
 17267 | Orc:1    | Noticed Erolcha
 18062 | D:11     | Found a staircase to the Lair.
 18616 | D:11     | Killed a boulder beetle
 18617 | D:11     | Reached skill level 10 in Conjurations
 19220 | D:11     | Killed a boulder beetle
 19336 | Lair:1   | Entered Level 1 of the Lair of Beasts
 19344 | Lair:1   | Received a gift from Sif Muna
 19347 | Lair:1   | Got Witeng's Anthology of the Postmortem Inferno {god gift}
 20063 | Lair:1   | Noticed Erica
 20263 | Lair:1   | Reached skill level 13 in Hexes
 21051 | Lair:1   | Killed Erica
 21052 | Lair:1   | Reached XP level 13. HP: 56/63 MP: 21/32
 21368 | Lair:2   | Reached skill level 14 in Hexes
 21740 | Lair:2   | Noticed Gastronok
 22486 | Lair:2   | Found a staircase to the Swamp.
 22603 | Lair:2   | Killed Gastronok
 23266 | Lair:3   | Found a hole to the Spider Nest.
 23428 | Lair:3   | Reached skill level 15 in Hexes
 23701 | Lair:3   | Reached skill level 15 in Spellcasting
 24157 | Lair:4   | Found a glowing golden altar of the Shining One.
 24361 | Lair:4   | Received a gift from Sif Muna
 24364 | Lair:4   | Got Sif Muna's Directory of the Fifth Circle {god gift}
 24579 | Lair:4   | Found a staircase to the Slime Pits.
 25125 | Lair:4   | Reached skill level 16 in Hexes
 25334 | Lair:4   | Reached skill level 10 in Fire Magic
 25576 | Lair:5   | Entered Level 5 of the Lair of Beasts
 25583 | Lair:4   | Learned a level 3 spell: Hailstorm
 26017 | Lair:5   | Reached skill level 1 in Ice Magic
 26035 | Lair:5   | Reached XP level 14. HP: 68/68 MP: 10/35
 26245 | Lair:5   | Reached skill level 5 in Ice Magic
 26401 | Lair:5   | Received a gift from Sif Muna
 26482 | Lair:5   | Got Sif Muna's Vellum of the Sweltering Shapeshifter {god
                  | gift}
 27089 | D:1      | Bought a manual of Invocations for 1120 gold pieces
 27736 | D:8      | Killed JaredAshtonScott's ghost
 27737 | D:8      | Reached skill level 1 in Invocations
 27994 | D:11     | Identified a scroll of acquirement
 28375 | D:12     | Found a gate leading to a gauntlet.
 28384 | Gauntlet | Entered a Gauntlet
 28384 | Gauntlet | Found a transporter.
 28384 | Gauntlet | Found a transporter.
 28384 | Gauntlet | Found a transporter.
 28388 | Gauntlet | Found a transporter.
 28389 | Gauntlet | Found a transporter.
 28398 | Gauntlet | Found a transporter.
 28403 | Gauntlet | Found a transporter.
 28463 | Gauntlet | Found a transporter.
 28478 | Gauntlet | Found a transporter.
 28488 | Gauntlet | Found a transporter.
 28498 | Gauntlet | Found a transporter.
 28513 | Gauntlet | Found a transporter.
 28838 | Gauntlet | Identified the amulet of Fydaeh {RegenMP Str+3}
 28916 | Gauntlet | Reached skill level 5 in Invocations
 28922 | Gauntlet | Identified the amulet "Woapun" {rF+ rN+ Regen+ Str+3}
 28999 | Gauntlet | Identified the amulet of the Sun {Reflect rF+ rCorr SH+5}
 29043 | Gauntlet | Acquired a ring of magical power
 29064 | Gauntlet | Reached skill level 10 in Invocations
 29064 | Gauntlet | Reached XP level 15. HP: 78/78 MP: 29/36
 29989 | D:12     | Learned a level 9 spell: Fire Storm
 31134 | D:13     | Found a gate to the Vaults.
 31449 | D:13     | Found a portal to a secret trove of treasure.
 32930 | Lair:5   | Identified the +6 trident of Resumed Hostilities {protect,
                  | rF- rN++}
 33893 | Orc:1    | Killed Erolcha
 33894 | Orc:1    | Reached skill level 15 in Invocations
 33989 | Elf:1    | Entered Level 1 of the Elven Halls
 35211 | Swamp:1  | Entered Level 1 of the Swamp
 35384 | Slime:1  | Entered Level 1 of the Pits of Slime
 35455 | Spider:1 | Entered Level 1 of the Spider Nest
 35673 | D:14     | Noticed Jorgrun
 35757 | D:14     | Constricted to death by Jorgrun

Illustrated notes

Levels and vault maps discovered:
D:1:      tekkud_arrival_beachfront_property, layout_basic,
          ebering_ecumenical_altar_sacrificial, chequers_mini_garden,
          nicolae_shop_vocational
D:2:      layout_loops_corners, basic_altar
D:3:      layout_loops_corners, nrook_mini_backslash
D:4:      kennysheep_big_flooded_room, layout_gridville,
          mainiacjoe_overflow_small_starburst, gammafunk_temple_overflow_wave,
          minmay_temple_entry_proselytizer
D:5:      layout_loops_cross, hangedman_abyss_or_decor_passed
D:6:      layout_rooms, nicolae_overflow_hidden_temple, serial_co_window_serial,
          co_window_paths_a, co_window_paths_a, co_window_paths_a,
          co_window_paths_a, co_window_paths_a, co_window_broadway_c,
          co_window_unsneaky_path_c, co_window_paths_c, co_window_cross_3,
          co_window_broadway_a, co_window_unsneaky_path_d, co_window_4corner_a,
          co_window_paths_e, glass_columns_a, glass_columns_b, glass_columns_b,
          glass_columns_a, uniq_edmund
D:7:      layout_basic, kennysheep_vampire_church, uniq_prince_ribbit1
D:8:      layout_basic, ebering_ghost_disaster_area, nicolae_wwwww,
          minmay_fractal_squares_diagonal_5, uniq_psyche
D:9:      layout_loops_cross, kennysheep_orc_monster_closet_entryway,
          corexii_mini_fake_secret_closet, evilmike_butchery
D:10:     nicolae_cairo_tiling_large_dashed, layout_rooms,
          nemelex_spade_bored_becter, enter_bailey_5, kennysheep_nub,
          nicolae_transmutations_shop
D:11:     layout_basic, dpeg_oklobed_lair, uniq_grum
D:12:     layout_irregular_city, gauntlet_entry_generic, minmay_curled_crystal,
          kennysheep_opposing_triangles
D:13:     layout_basic, david_vaults_1, enter_trove_5,
          hangedman_abyss_or_decor_lesser_grid
D:14:     layout_small_grid, minmay_hedge_maze, uniq_jorgrun
Temple:   eino_temple_scatter_basement
Lair:1:   layout_chaotic_city, nicolae_quartered_pool_medium, uniq_erica
Lair:2:   layout_small_grid, palyth_hydra_swamp_entry, beast_lair_carwin_3,
          uniq_gastronok
Lair:3:   layout_cave_shapes, nicolae_spider_entry_non_spiders,
          kennysheep_abandoned_house
Lair:4:   layout_roguey, nicolae_slime_entry_slimehenge, basic_altar,
          nicolae_lair_grazing_beasts [nicolae_sub_lair_graze_edge,
          nicolae_sub_lair_graze_edge, nicolae_sub_lair_graze_edge,
          nicolae_sub_lair_graze_edge], infiniplex_staircase_pool
Lair:5:   gammafunk_lair_ancient_temple, layout_long_grid,
          nicolae_volcano_entry_vermiform
Swamp:1:  layout_basic_swamp, evilmike_swamp_ruin_house_4
Spider:1: layout_spider_delve
Slime:1:  layout_caves
Orc:1:    layout_caves, basic_altar, nicolae_shop_gadgets, uniq_erolcha
Orc:2:    grunt_orc_tribal_feast, layout_diamond_mine, basic_altar
Elf:1:    layout_onion_city, minmay_elf_annihilation

Skill      XL: |  1  2  3  4  5  6  7  8  9 10 11 12 13 14 15 |
---------------+----------------------------------------------+-----
Stealth        | 3 4 5 6 7 9 11 13 15 | 15.0
Conjurations   | 5 6 8 10 11 | 11.1
Hexes          | 2 4 7 9 11 13 16 | 16.0
Spellcasting   | 8 11 13 15 | 15.9
Fire Magic     | 7 8 9 10 | 10.3
Ice Magic      | 1 7 8 |  8.2
Invocations    | 10 15 | 15.6
Fighting       | 3 |  3.3
Dodging        | |  2.4

Action                     |  1- 3 |  4- 6 |  7- 9 | 10-12 | 13-15 || total
---------------------------+-------+-------+-------+-------+-------++-------
  Melee: Short sword       |       |    10 |       |       |       ||    10
         Staff             |       |       |     3 |     1 |     5 ||     9
         Dagger            |       |       |    36 |    10 |       ||    46
         Punch             |       |       |     1 |       |       ||     1
   Cast: Magic Dart        |   104 |    66 |   125 |   235 |   161 ||   691
         Searing Ray       |       |     9 |    38 |    69 |    70 ||   186
         Fulminant Prism   |       |       |    22 |   170 |   239 ||   431
         Flame Wave        |       |       |       |    21 |    39 ||    60
         Hailstorm         |       |       |       |       |    24 ||    24
         Lehudib's Crystal |       |       |       |       |     1 ||     1
         Chain Lightning   |       |       |       |       |     1 ||     1
 Invoke: Channel Magic     |       |       |       |       |     3 ||     3
         Divine Exegesis   |       |       |       |       |     2 ||     2
    Use: Scroll            |       |       |       |    15 |    17 ||    32
         Potion            |       |       |       |     6 |     6 ||    12
 Armour: Robe              |     2 |     3 |    22 |    12 |    18 ||    57
         Ring mail         |       |       |       |    28 |    57 ||    85
         Skin              |       |       |       |       |     7 ||     7
  Dodge: Dodged            |     6 |    10 |    65 |    55 |    69 ||   205
         Repelled          |       |       |     1 |     2 |     2 ||     5
  Block: Other             |       |       |    24 |    23 |    31 ||    78
         Reflection        |       |       |     2 |     4 |     4 ||    10
